 Dungeon Crawl Stone Soup version 0.31-a0-271-gb88eb75 (webtiles) character file.

Game seed: 1165867235488384607

21902 lyrin the Caregiver (level 13, -4/89 HPs)
             Began as a Djinni Monk on July 14, 2023.
             Was a Believer of Elyvilon.
             Slain by a centaur warrior
             ... wielding a +0 dire flail of protection
              (13 damage)
             ... on level 11 of the Dungeon.
             The game lasted 00:29:38 (18357 turns).

lyrin the Caregiver (Djinni Monk)                  Turns: 18357, Time: 00:29:39

Health: -4/89      AC:  7    Str: 10    XL:     13   Next: 23%
Gold:   319        EV: 13    Int: 21    God:    Elyvilon [**....] SH:  9 Dex: 17

rFire   + + .        N - staff of fire
rCold   + + +        h - +0 kite shield
rNeg    + . .        a - +1 robe {rC+}
rPois   ∞            I - +2 helmet of the Riding Gods {Contam rElec Int+5 SInv}
rElec   +            (no cloak)
rCorr   .            S - +0 pair of gloves
SInv    +            (boots unavailable)
Will    +....        (no amulet)
Stlth   ++           A - ring of ice
HPRegen 0.34/turn    O - ring "Qefabrusk" {rC++ rN+}
MPRegen 0.00/turn

%: infuse magic (-5 HP)
@: flying
A: sickness immunity, fire resistance 2, cold vulnerability 1, float, innate
caster, HP casting, extra vitality 1
a: Renounce Religion, Purification, Heal Other


You were on level 11 of the Dungeon.
You worshipped Elyvilon.
Elyvilon was pleased with you.
You visited 2 branches of the dungeon, and saw 12 of its levels.
You also visited: Sewer and Bailey.

You collected 619 gold pieces.
You spent 300 gold pieces at shops.

Inventory:

Hand Weapons
 v - a +0 rapier
 x - a +3 dagger of speed
 B - a +3 dagger of electrocution
 L - the +2 dagger "Paotaoro" {spect, Dex+5}
   (You found it in a bailey)

   Dex:       It affects your dexterity (+5).
Missiles
 w - 3 atropa-tipped darts
 y - 11 poisoned darts (quivered)
Armour
 a - a +1 robe of cold resistance (worn)
 d - an orb of light
 h - a +0 kite shield (worn)
 j - a +0 pair of gloves
 s - a +0 robe of willpower
 I - the +2 helmet of the Riding Gods (worn) {Contam rElec Int+5 SInv}
   (You acquired it in a bailey)

   Int:       It affects your intelligence (+5).
   rElec:     It insulates you from electricity.
   SInv:      It lets you see invisible.
   Contam:    It causes magical contamination when unequipped.
 Q - +0 acid dragon scales
 S - a +0 pair of gloves (worn)
Magical Staves
 N - a staff of fire (weapon)
Jewellery
 A - a ring of ice (left hand)
 O - the ring "Qefabrusk" (right hand) {rC++ rN+}
   (You acquired it on level 7 of the Dungeon)

   [ring of positive energy]

   rC:        It greatly protects you from cold.
   rN:        It protects you from negative energy.
 R - a ring of wizardry
Wands
 o - a wand of polymorph (15)
 M - a wand of quicksilver (4)
Scrolls
 b - 4 scrolls of enchant armour
 g - a scroll of brand weapon
 i - a scroll of revelation {unknown}
 l - 6 scrolls of enchant weapon
 n - a scroll of butterflies {unknown}
 q - 3 scrolls of noise {unknown}
 r - 4 scrolls of teleportation
 u - 2 scrolls of blinking
 z - 3 scrolls of fog {unknown}
 E - a scroll of vulnerability {unknown}
 F - a scroll of immolation {unknown}
 H - a scroll of identify
 J - a scroll of fear {unknown}
 K - a scroll of poison {unknown}
Potions
 c - 2 potions of resistance
 e - 4 potions of degeneration {unknown}
 f - 4 potions of brilliance
 k - 2 potions of attraction
 m - 3 potions of lignification
 p - 2 potions of magic {unknown}
 t - 3 potions of mutation {unknown}
 C - 2 potions of haste {unknown}
 D - a potion of enlightenment {unknown}
 G - a potion of invisibility {unknown}
 P - a potion of heal wounds {unknown}


   Skills:
 + Level 6.8 Fighting
 + Level 5.0 Short Blades
 + Level 0.5 Throwing
 - Level 6.1 Dodging
 * Level 1.9 Shields
 * Level 11.5 Spellcasting
 * Level 11.5 Conjurations
 * Level 11.5 Hexes
 * Level 11.5 Summonings
 * Level 11.5 Necromancy
 * Level 11.5 Translocations
 * Level 11.5 Transmutations
 * Level 11.5 Fire Magic
 * Level 11.5 Ice Magic
 * Level 11.5 Air Magic
 * Level 11.5 Earth Magic
 * Level 11.5 Poison Magic
 - Level 11.6 Invocations
 - Level 0.3 Evocations


You knew the following spells:

 Your Spells              Type           Power      Damage    Failure   Level
a - Fireball              Conj/Fire      37%        3d15      7%          5
b - Scorch                Fire           100%       2d9       1%          2
c - Hailstorm             Conj/Ice       74%        3d15      1%          3
d - Frozen Ramparts       Ice            100%       1d16      1%          3
e - Slow                  Hex            100%       N/A       1%          1
f - Agony                 Necr           57%        N/A       7%          5
Your spell library was empty.

Dungeon Overview and Level Annotations

Branches:
Dungeon (11/15)            Temple (1/1) D:4            Lair (0/5) D:8
  Sewer (visited)          Bailey (visited)
    Orc: D:9-12

Altars:
Elyvilon
Fedhas
Gozag
Hepliaklqana
Nemelex Xobeh
Okawaru
Qazlal
Ru
Wu Jian
Xom
Zin

Shops:
D:1 *!:(?   D:4 [   D:5 *   D:7 !

Annotations:
D:9 1 runed translucent doord+dragon, ghowell's ghost, novice DrMo
D:10 exclusion: upstairs


Innate Abilities, Weirdness & Mutations

You are immune to sickness and miasma.
You are immune to poison.
Your flesh is very heat resistant. (rF++)
You are vulnerable to cold. (rC-)
You float through the air rather than walking.
You learn spells naturally, not from books.
Your magical power is your life essence.
You have superior vitality. (+4 MHP)


Message History

The centaur warrior is burned terribly!
The centaur warrior is heavily wounded.
You block the centaur warrior's attack.
The centaur warrior kicks you but does no damage.
Casting: Scorch (safe; 1% risk of failure)
Confirm with . or Enter, or press ? or * to list all spells.
You feel a surge of power!
Flames lash the centaur warrior but do no damage.
The centaur warrior hits you with a +0 dire flail of protection!
The centaur warrior completely misses you.
The centaur warrior hits you with a +0 dire flail of protection!
* * * LOW HITPOINT WARNING * * *
The centaur warrior closely misses you.
Casting: Scorch (safe; 1% risk of failure)
Confirm with . or Enter, or press ? or * to list all spells.
You feel a surge of power!
Flames lash the centaur warrior but do no damage.
* * * LOW HITPOINT WARNING * * *
The centaur warrior closely misses you. The centaur warrior barely misses you.
Unknown command.
Okay, then.
Casting: Scorch (safe; 1% risk of failure)
Confirm with . or Enter, or press ? or * to list all spells.
You feel a surge of power!
Flames lash the centaur warrior.
The centaur warrior is burned terribly!
The centaur warrior is severely wounded.
* * * LOW HITPOINT WARNING * * *
The centaur warrior barely misses you.
The centaur warrior kicks you but does no damage.
The centaur warrior hits you with a +0 dire flail of protection!
* * * LOW HITPOINT WARNING * * *
The centaur warrior misses you.
Casting: Scorch (safe; 1% risk of failure)
Confirm with . or Enter, or press ? or * to list all spells.
You feel a surge of power!
Flames lash the centaur warrior.
The centaur warrior is burned terribly!
The centaur warrior is severely wounded.
* * * LOW HITPOINT WARNING * * *
The centaur warrior hits you with a +0 dire flail of protection!
You die...

#....# #..#.#
######....# # .#
...........# . #>#
.########..# . ##..
#..# . ... #..# . ..
...########c.# .
.### #<.......@..#
.#...#...####.####.#
..##.#.# #.# #.#
#W.....# #.# #.#
..###### #.# #.# .##
#.# #.# # .# #.# #.#
### .# #.# #.# #.
###.. ## #.# #.#
#..###...#


You could see a centaur warrior (combustible).

Vanquished Creatures
  A boulder beetle (D:11)
  2 death yaks (D:8)
  An orc high priest (Bailey)
  A tengu warrior (D:11)
  Urug (D:10)
  An orc knight (Bailey)
  An ugly thing (D:11)
  A manticore (D:11)
  Joseph (D:7)
  2 gargoyles
  An unseen horror (D:11)
  A kobold demonologist (Bailey)
  2 unseen horror zombies (D:8)
  A tengu conjurer (D:11)
  A yaktaur (D:11)
  A troll (D:11)
  2 hornets
  Prince Ribbit (D:7)
  11 yaks
  A wyvern (D:8)
  2 wraiths (D:11)
  A steam dragon (D:3)
  A vampire mosquito (D:11)
  4 acid dragons
  A water moccasin (D:7)
  Pargi (Sewer)
  12 orc warriors
  A hornet zombie (D:8)
  2 sky beasts
  2 ice beasts (D:6)
  2 black bears
  5 centaurs
  An ogre (D:4)
  2 kobold brigands
  Blork the orc (D:5)
  A bullfrog (D:7)
  3 wyvern zombies (D:8)
  A gnoll sergeant (D:11)
  3 scorpions
  13 wights
  3 killer bees (D:8)
  4 howler monkeys
  12 electric eels
  6 centaur zombies (D:8)
  3 hounds
  A jelly (D:5)
  7 orc priests
  2 iguanas
  14 orc wizards
  Natasha (thrice) (D:2)
  A hell rat (D:7)
  3 killer bee zombies (D:8)
  7 howler monkey zombies (D:8)
  6 adders
  7 gnolls
  2 river rats (D:8)
  2 shadow imps
  A white imp (D:6)
  2 ufetubi
  2 worms (D:2)
  5 dart slugs
  44 orcs
  4 bats
  4 endoplasms
  A giant cockroach (D:1)
  15 goblins
  14 hobgoblins
  7 quokkas
  6 ball pythons
  4 frilled lizards (Sewer)
  20 kobolds
  8 rats
313 creatures vanquished.

Vanquished Creatures (others)
  An orc warrior (D:9)
  A kobold (D:4)
2 creatures vanquished.

Grand Total: 315 creatures vanquished

Notes
Turn   | Place    | Note
-------+----------+-------------------------------------------
     0 | D:1      | lyrin the Djinni Monk began the quest for the Orb.
     0 | D:1      | Reached XP level 1. HP: 20/20 MP: 0/0
    49 | D:1      | Found Onocol's Book Shop.
   208 | D:1      | Found Ocairr's Distillery.
   257 | D:1      | Reached XP level 2. HP: 20/25 MP: 0/0
   302 | D:1      | Found Zocrun's General Store.
   499 | D:1      | Found Zuwoag's Weapon Emporium.
   522 | D:1      | Found Gedutuj's Magic Scroll Emporium.
   861 | D:2      | Reached XP level 3. HP: 28/30 MP: 0/0
   861 | D:2      | Learned a level 1 spell: Slow
  1627 | D:2      | Reached XP level 4. HP: 35/35 MP: 0/0
  1786 | D:3      | Noticed Natasha
  2038 | D:2      | HP: 1/35 [Natasha (5)]
  2046 | D:2      | Killed Natasha
  2328 | D:2      | Noticed Natasha
  2365 | D:2      | Killed Natasha
  2366 | D:2      | Reached XP level 5. HP: 9/40 MP: 0/0
  2366 | D:2      | Learned a level 2 spell: Scorch
  2768 | D:2      | Noticed Natasha
  2786 | D:2      | Killed Natasha
  2787 | D:2      | Reached skill level 1 in Spellcasting
  2787 | D:2      | Reached skill level 1 in Conjurations
  2787 | D:2      | Reached skill level 1 in Hexes
  2787 | D:2      | Reached skill level 1 in Summonings
  2787 | D:2      | Reached skill level 1 in Necromancy
  2787 | D:2      | Reached skill level 1 in Translocations
  2787 | D:2      | Reached skill level 1 in Transmutations
  2787 | D:2      | Reached skill level 1 in Fire Magic
  2787 | D:2      | Reached skill level 1 in Ice Magic
  2787 | D:2      | Reached skill level 1 in Air Magic
  2787 | D:2      | Reached skill level 1 in Earth Magic
  2787 | D:2      | Reached skill level 1 in Poison Magic
  3678 | D:3      | Found a glowing silver altar of Zin.
  3856 | D:4      | Reached XP level 6. HP: 26/47 MP: 0/0
  4091 | D:4      | Noticed an ogre
  4137 | D:4      | Found a glowing drain.
  4148 | Sewer    | Entered a sewer
  4275 | Sewer    | Noticed Pargi
  4490 | Sewer    | Killed Pargi
  4667 | D:4      | Noticed a steam dragon
  4726 | D:3      | HP: 2/47 [steam dragon (10)]
  4731 | D:3      | Killed a steam dragon
  4732 | D:3      | Reached skill level 5 in Dodging
  4732 | D:3      | Reached XP level 7. HP: 11/52 MP: 0/0
  4732 | D:3      | Learned a level 3 spell: Hailstorm
  5166 | D:4      | Found a blossoming altar of Fedhas.
  5296 | D:4      | Found a staircase to the Ecumenical Temple.
  5310 | D:4      | Found Umyumiupp's Antique Armour Emporium.
  5316 | Temple   | Entered the Ecumenical Temple
  5364 | Temple   | Became a worshipper of Elyvilon the Healer
  5364 | Temple   | Reached * piety under Elyvilon
  5364 | Temple   | Reached ** piety under Elyvilon
  5862 | D:5      | Entered Level 5 of the Dungeon
  5867 | D:5      | Reached XP level 8. HP: 50/58 MP: 0/0
  5901 | D:5      | Noticed Blork the orc
  5914 | D:5      | Killed Blork the orc
  6362 | D:5      | Found an iron altar of Okawaru.
  6412 | D:5      | Found Mihixtar's Fire Supplies.
  7416 | D:6      | Reached skill level 5 in Spellcasting
  7416 | D:6      | Reached skill level 5 in Conjurations
  7416 | D:6      | Reached skill level 5 in Hexes
  7416 | D:6      | Reached skill level 5 in Summonings
  7416 | D:6      | Reached skill level 5 in Necromancy
  7416 | D:6      | Reached skill level 5 in Translocations
  7416 | D:6      | Reached skill level 5 in Transmutations
  7416 | D:6      | Reached skill level 5 in Fire Magic
  7416 | D:6      | Reached skill level 5 in Ice Magic
  7416 | D:6      | Reached skill level 5 in Air Magic
  7416 | D:6      | Reached skill level 5 in Earth Magic
  7416 | D:6      | Reached skill level 5 in Poison Magic
  7731 | D:6      | Reached *** piety under Elyvilon
  7755 | D:6      | Reached XP level 9. HP: 49/63 MP: 0/0
  7755 | D:6      | Learned a level 3 spell: Frozen Ramparts
  8035 | D:6      | Reached skill level 5 in Short Blades
  8445 | D:7      | You are sucked into a shaft and drop 3 floors!
  8445 | D:10     | Entered Level 10 of the Dungeon
  9046 | D:9      | Reached **** piety under Elyvilon
  9153 | D:9      | Found a stormy altar of Qazlal.
  9194 | D:9      | Noticed a hornet
  9205 | D:9      | Killed a hornet
  9206 | D:9      | Reached skill level 1 in Invocations
  9383 | D:9      | Found a runed translucent door.
  9798 | D:8      | Found a flagged portal.
  9812 | Bailey   | Entered a bailey
 10305 | Bailey   | Acquired the +2 helmet of the Riding Gods {Contam rElec
                  | Int+5 SInv}
 10814 | Bailey   | Reached XP level 10. HP: 49/69 MP: 0/0
 10944 | Bailey   | Noticed an orc knight
 11142 | Bailey   | Killed an orc knight
 11143 | Bailey   | Reached skill level 5 in Invocations
 11221 | Bailey   | Noticed an orc high priest
 11232 | Bailey   | Noticed a sixfirhy
 11363 | Bailey   | Found an iron altar of Okawaru.
 11369 | Bailey   | Noticed a kobold demonologist
 11381 | Bailey   | Identified the +0 chain mail "Anishig" {*Slow rF+ rN+}
 11389 | Bailey   | Killed a kobold demonologist
 11437 | Bailey   | Killed an orc high priest
 11507 | Bailey   | Identified the +2 dagger "Paotaoro" {spect, Dex+5}
 11583 | D:8      | Found a staircase to the Lair.
 11583 | D:8      | Noticed a death yak
 11583 | D:8      | Noticed a death yak
 11587 | D:8      | Elyvilon protects you from harm!
 11604 | D:8      | Reached skill level 5 in Fighting
 11955 | D:8      | Reached XP level 11. HP: 26/78 MP: 0/0
 11955 | D:8      | Learned a level 5 spell: Fireball
 11972 | D:8      | Reached XP level 12. HP: 30/84 MP: 0/0
 12511 | D:8      | Noticed a death yak
 12784 | D:5      | Bought a staff of fire for 300 gold pieces
 13157 | D:7      | Acquired the ring "Qefabrusk" {rC++ rN+}
 13301 | D:7      | Noticed Joseph
 13305 | D:7      | Killed Joseph
 13306 | D:7      | Reached skill level 10 in Spellcasting
 13306 | D:7      | Reached skill level 10 in Conjurations
 13306 | D:7      | Reached skill level 10 in Hexes
 13306 | D:7      | Reached skill level 10 in Summonings
 13306 | D:7      | Reached skill level 10 in Necromancy
 13306 | D:7      | Reached skill level 10 in Translocations
 13306 | D:7      | Reached skill level 10 in Transmutations
 13306 | D:7      | Reached skill level 10 in Fire Magic
 13306 | D:7      | Reached skill level 10 in Ice Magic
 13306 | D:7      | Reached skill level 10 in Air Magic
 13306 | D:7      | Reached skill level 10 in Earth Magic
 13306 | D:7      | Reached skill level 10 in Poison Magic
 13533 | D:7      | Noticed Prince Ribbit
 13534 | D:7      | Killed Prince Ribbit
 13571 | D:7      | Found Pilirerr's Distillery.
 14376 | D:8      | Killed a death yak
 14377 | D:8      | Reached skill level 10 in Invocations
 14382 | D:8      | Killed a death yak
 15264 | D:9      | Found a shimmering altar of Xom.
 15264 | D:9      | Noticed ghowell's ghost (novice DrMo)
 15264 | D:9      | Noticed a +0 halberd of chaos
 15732 | D:9      | Found a shimmering altar of Xom.
 15734 | D:9      | Identified the +5 ring mail "Ruerphoyc" {+Blink Will+}
 15956 | D:9      | Noticed a fire dragon
 16724 | D:10     | Noticed Urug
 16734 | D:10     | Killed Urug
 16935 | D:11     | Noticed a boulder beetle
 16948 | D:11     | Killed a boulder beetle
 17297 | D:11     | Reached XP level 13. HP: 58/89 MP: 0/0
 17297 | D:11     | Learned a level 5 spell: Agony
 17307 | D:11     | HP: 2/89 [tengu warrior/+0 great sword (17)]
 17307 | D:11     | Elyvilon protects you from harm!
 17329 | D:11     | HP: 1/89 [acid dragon/splash of acid (22)]
 17928 | D:11     | Reached skill level 1 in Shields
 18335 | D:11     | Noticed a centaur warrior
 18357 | D:11     | Slain by a centaur warrior

Illustrated notes

Levels and vault maps discovered:
D:1:      heliophobic_arrival_enchanted_forest, layout_rooms, serial_shops,
          nicolae_shop_tiny_glass, shop, shop, nicolae_shop_tiny_statue_garden,
          shop
D:2:      layout_basic
D:3:      layout_loops_ring, mainiacjoe_overflow_cross_hatched, uniq_natasha
D:4:      minmay_evil_eye, layout_basic, fedhas_altar_1,
          minmay_temple_entry_gardened_gates, cheibrodos_sewer_entry_drain,
          serial_shops, nicolae_shop_just_a_little_nook
D:5:      layout_basic, mainiacjoe_overflow_alcove_2, nicolae_shop_fire_sale
          [nicolae_sub_dead_trees], uniq_blork_the_orc
D:6:      layout_basic, kennysheep_generic_room_14
D:7:      layout_loops_ring, nicolae_take_the_stairs, uniq_prince_ribbit1,
          uniq_joseph
D:8:      layout_cave_pools, dpeg_lair_monsters, enter_bailey_3, serial_undead,
          serial_undead_c, serial_undead_b, serial_undead_a, serial_undead_c,
          serial_undead_a, serial_undead_c, serial_undead_a, serial_undead_b,
          serial_undead_a, serial_undead_f
D:9:      dragon1_lemuel, layout_basic, tgw_xom,
          mainiacjoe_overflow_surrounded_room, ebering_ghost_xom,
          serial_bayou_lake_a
D:10:     layout_basic, uniq_urug
D:11:     minmay_the_grid_triangle_9x9_recursive_2
          [minmay_the_grid_triangle_9x9_prize_top_heavy,
          minmay_the_grid_triangle_9x9_zippers_vertical,
          minmay_the_grid_triangle_9x9_stretched_checkered,
          minmay_the_grid_triangle_9x9_steps], layout_loops_ring
Temple:   minmay_crystal_spiral_temple

Skill      XL: |  1  2  3  4  5  6  7  8  9 10 11 12 13 |
---------------+----------------------------------------+-----
Short Blades   | 3 4 5 |  5.0
Dodging        | 4 5 6 |  6.1
Spellcasting   | 1 2 5 7 9 11 | 11.5
Conjurations   | 1 2 5 7 9 11 | 11.5
Hexes          | 1 2 5 7 9 11 | 11.5
Summonings     | 1 2 5 7 9 11 | 11.5
Necromancy     | 1 2 5 7 9 11 | 11.5
Translocations | 1 2 5 7 9 11 | 11.5
Transmutations | 1 2 5 7 9 11 | 11.5
Fire Magic     | 1 2 5 7 9 11 | 11.5
Ice Magic      | 1 2 5 7 9 11 | 11.5
Air Magic      | 1 2 5 7 9 11 | 11.5
Earth Magic    | 1 2 5 7 9 11 | 11.5
Poison Magic   | 1 2 5 7 9 11 | 11.5
Fighting       | 4 6 |  6.8
Invocations    | 3 9 11 | 11.6
Shields        | 1 |  1.9
Throwing       | |  0.5
Evocations     | |  0.3

Action                     |  1- 3 |  4- 6 |  7- 9 | 10-12 | 13-15 || total
---------------------------+-------+-------+-------+-------+-------++-------
  Melee: Short sword       |   130 |   229 |    24 |       |       ||   383
         Unarmed           |       |     2 |       |       |       ||     2
         Dagger            |       |       |    20 |     1 |       ||    21
  Throw: Dart              |       |     6 |     3 |       |       ||     9
   Cast: Slow              |       |     1 |     2 |       |       ||     3
         Scorch            |       |    10 |   200 |   204 |    58 ||   472
         Fireball          |       |       |       |    84 |     6 ||    90
         Hailstorm         |       |       |       |     1 |       ||     1
 Invoke: Heal Self         |       |       |       |    16 |     6 ||    22
  Evoke: Wand              |       |       |       |       |     3 ||     3
    Use: Potion            |       |     5 |       |     1 |     3 ||     9
         Scroll            |       |     4 |     3 |     7 |     1 ||    15
   Stab: Invisible         |       |     2 |       |       |       ||     2
 Armour: Robe              |    21 |    42 |    22 |    46 |    22 ||   153
         Skin              |       |    28 |       |       |       ||    28
  Dodge: Dodged            |    78 |   209 |   138 |   159 |    36 ||   620
  Block: Kite shield       |       |       |       |       |    15 ||    15

Table legend: (Time is in decaauts)
 A = Elapsed time spent in this place.
 B = Non-inter-level travel time spent in this place.
 C = Inter-level travel time spent in this place.
 D = Time resting spent in this place.
 E = Time spent auto-exploring this place.
 F = Levels seen in this place.
 G = Mean time per level.
                   A        B        C        D        E       F      G
               +--------+--------+--------+--------+--------+-----+--------+
         Total |  18297 |  17554 |    743 |   6460 |   7994 |  14 | 1306.9 |
       Dungeon |  15934 |  15228 |    706 |   5205 |   7533 |  11 | 1448.5 |
        Temple |     86 |     49 |     37 |      0 |     24 |   1 |   86.0 |
         Sewer |    507 |    507 |      0 |    281 |    107 |   1 |  507.0 |
        Bailey |   1768 |   1768 |      0 |    974 |    330 |   1 | 1768.0 |
               +--------+--------+--------+--------+--------+-----+--------+

Top non-repeatable levels by time:
     D:9: 2059 daAuts
     D:2: 1990 daAuts
     D:8: 1775 daAuts
  Bailey: 1768 daAuts
    D:11: 1463 daAuts
     D:5: 1410 daAuts
     D:3: 1364 daAuts
     D:7: 1344 daAuts
     D:4: 1283 daAuts
    D:10: 1281 daAuts
     D:6: 1193 daAuts
     D:1: 767 daAuts
   Sewer: 507 daAuts
  Temple: 86 daAuts
